 Dungeon Crawl Stone Soup version 0.27-a0-906-g0a00ce863d (webtiles) character file.

Game seed: 14279495284981371720

366 Lanoc the Twirler (level 6, -6/75 HPs)
             Began as a Palentonga Gladiator on Apr 6, 2021.
             Was a Follower of Elyvilon.
             Killed by divine providence
             ... invoked by an orc priest
              (13 damage)
             ... on level 4 of the Dungeon.
             The game lasted 00:06:47 (2813 turns).

Lanoc the Twirler (Palentonga Gladiator)            Turns: 2813, Time: 00:06:48

Health: -6/75      AC:  7    Str: 18    XL:     6   Next: 40%
Magic:  5/7        EV: 11    Int:  8    God:    Elyvilon [*.....]
Gold:   70         SH:  0    Dex: 19    Spells: 5/5 levels left

rFire    + . .     SeeInvis +   a - +0 quarterstaff
rCold    + . .     Faith    .   (shield currently unavailable)
rNeg     . . .     Spirit   .   b - +0 leather armour
rPois    +         Reflect  .   c - +0 helmet
rElec    +         Harm     .   k - +1 cloak
rCorr    +         Rampage  .   (no gloves)
Will     .....                  (no barding)
Stlth    ..........             (no amulet)
HPRegen  0.22/turn              f - +6 ring of dexterity
MPRegen  0.10/turn              (no ring)

@: berserking (expiring), resistant, very quick
A: large, rugged brown scales 3, see invisible, deformed body, roll 1, armoured
tail
a: Rolling Charge, Renounce Religion, Lesser Healing, Divine Protection


You were on level 4 of the Dungeon.
You worshipped Elyvilon.
Elyvilon was aware of your devotion.
You visited 1 branch of the dungeon, and saw 4 of its levels.

You collected 70 gold pieces.

Inventory:

Hand Weapons
 a - a +0 quarterstaff (weapon)
Missiles
 d - 3 throwing nets (quivered)
Armour
 b - a +0 leather armour (worn)
 c - a +0 helmet (worn)
 k - a +1 cloak (worn)
Jewellery
 f - a +6 ring of dexterity (left hand)
 s - an amulet of the acrobat
Wands
 x - a wand of flame (7)
Scrolls
 h - 2 scrolls of identify {unknown}
 i - a scroll of vulnerability {unknown}
 j - a scroll of fog {unknown}
 m - 2 scrolls of enchant weapon {unknown}
 n - a scroll of amnesia {unknown}
 o - a scroll of fear {unknown}
 p - a scroll of blinking {unknown}
 q - a scroll of noise {unknown}
 r - a scroll of magic mapping {unknown}
 u - a scroll of holy word {unknown}
 w - a scroll of torment {unknown}
Potions
 l - a potion of mutation {unknown}
 t - a potion of lignification {unknown}
 v - a potion of curing {unknown}


   Skills:
 + Level 3.5 Fighting
 * Level 5.4 Staves
 - Level 1.3 Throwing
 + Level 3.5 Dodging
 + Level 1.8 Invocations


You had 5 spell levels left.
You didn't know any spells.
Your spell library contained the following spells:

 Spells                   Type           Power      Damage    Failure   Level
 Animate Skeleton         Necr           0%         N/A       45%         1
 Apportation              Tloc           0%         N/A       45%         1
 Corona                   Hex            0%         N/A       45%         1
 Summon Small Mammal      Summ           0%         N/A       45%         1
 Ensorcelled Hibernation  Hex/Ice        0%         N/A       61%         2
 Ice Form                 Ice/Tmut       0%         N/A       99%         4
 Metabolic Englaciation   Hex/Ice        0%         N/A       100%        5
 Ignition                 Fire           0%         3d3       100%        8


Dungeon Overview and Level Annotations

Branches:
Dungeon (4/15)
 Temple: D:4-7

Altars:
Elyvilon
Nemelex Xobeh


Innate Abilities, Weirdness & Mutations

You are completely covered in rugged brown scales. (AC +3, +7% HP)
You have supernaturally acute eyesight. (SInv)
Armour fits poorly on your strangely shaped body.
You can roll at nearby foes to attack.
You have a long armoured tail.


Message History

The adder is almost dead.
The adder bites you but does no damage.
The orc priest invokes the aid of Beogh against you.
Beogh smites you!
* * * LOW HITPOINT WARNING * * *
You closely miss the adder.
Your tail-slap misses the adder.
The adder is almost dead.
The adder bites you but does no damage.
The orc priest invokes the aid of Beogh against you.
Beogh smites you!
* * * LOW HITPOINT WARNING * * *
You hit the adder.
You kill the adder!
A ball python comes into view.
You have reached level 6!
Your experience leads to an increase in your attributes!
Your base attributes are Str 18, Int 8, Dex 12.
Increase (S)trength, (I)ntelligence, or (D)exterity?
You feel agile.
You hit the adder.
The adder is heavily wounded.
The adder bites you.
* * * LOW HITPOINT WARNING * * *
You barely miss the adder.
The adder is heavily wounded.
The adder bites you.
* * * LOW HITPOINT WARNING * * *
You miss the adder. You tail-slap the adder.
You kill the adder!
You bludgeon the ball python!!
You kill the ball python!
You bludgeon the jelly!!
You kill the jelly!
You hit the scorpion.
You kill the scorpion!
You thump the quokka!
You kill the quokka!
The orc priest mumbles some strange prayers to Beogh against you.
Beogh smites you!
You die...

..... ...... #
.#..#...... ###.
..........
....##.#.......
#.....w......
#.....!$.....
#####.#..S..$.
####S....##.#####
#..@o.#..# .#
#..###.#..# .
##..##...#.## #.
#..##...##.# ..
#### #.##....#..#
## ...####
##.#....##.##
.(.(..####..#...##
.
##.#...).#....###
.#
##.#..####.####...


You could see an orc priest and a ball python.

Vanquished Creatures
  2 scorpions (D:4)
  A water moccasin skeleton (D:4)
  A jelly (D:4)
  An orc priest (D:2)
  5 adders
  2 worms (D:2)
  2 dart slugs (D:1)
  5 orcs
  8 endoplasms
  6 giant cockroaches
  3 hobgoblins (D:1)
  7 jackals
  9 kobolds
  5 quokkas
  7 ball pythons
  4 bats
  3 frilled lizards
  5 goblins
  3 rats
79 creatures vanquished.

Notes
Turn   | Place    | Note
-------+----------+-------------------------------------------
     0 | D:1      | Lanoc the Palentonga Gladiator began the quest for the Orb.
     0 | D:1      | Reached XP level 1. HP: 17/17 MP: 1/1
    57 | D:1      | Reached XP level 2. HP: 20/23 MP: 2/2
   100 | D:1      | Identified the Compendium of the Flamy Glacier
   419 | D:1      | Reached XP level 3. HP: 24/29 MP: 3/3
  1084 | D:2      | Reached skill level 4 in Staves
  1169 | D:2      | Reached XP level 4. HP: 23/36 MP: 4/4
  2024 | D:3      | Found a sparkling altar of Nemelex Xobeh.
  2042 | D:3      | Found a white marble altar of Elyvilon.
  2050 | D:3      | Became a worshipper of Elyvilon the Healer
  2562 | D:4      | Reached * piety under Elyvilon
  2566 | D:4      | Noticed a scorpion
  2568 | D:4      | Reached XP level 5. HP: 43/43 MP: 5/5
  2580 | D:4      | Reached skill level 5 in Staves
  2580 | D:4      | Reached skill level 1 in Invocations
  2806 | D:4      | Reached XP level 6. HP: 10/50 MP: 5/7
  2813 | D:4      | Killed from afar by an orc priest

Illustrated notes

Levels and vault maps discovered:
D:1:      lightli_arrival_windingriver, layout_rooms, supply_closet_lemuel
D:2:      cheibrodos_pilgrimage, layout_loops_ring
D:3:      layout_loops_cross, nemelex_diamond_rough_becter, elyvilon_altar_1
D:4:      minmay_evil_eye, layout_loops_cross, gammafunk_ghost_split

Skill      XL: |  1  2  3  4  5 |
---------------+----------------+-----
Staves         | 4 5 |  5.4
Dodging        | 3 |  3.5
Fighting       | 3 |  3.5
Invocations    | 1 |  1.8
Throwing       | |  1.3

Action                   |  1- 3 |  4- 6 || total
-------------------------+-------+-------++-------
Melee: Quarterstaff      |   106 |    92 ||   198
       Tailslap          |    12 |     8 ||    20
Throw: Throwing net      |       |     1 ||     1
 Abil: Rolling Charge    |    31 |    19 ||    50
Evoke: Wand              |       |     1 ||     1
  Use: Potion            |       |     2 ||     2
 Stab: Held in net/web   |       |     1 ||     1
Armor: Leather armour    |    44 |    35 ||    79
Dodge: Dodged            |    57 |    46 ||   103

Table legend: (Time is in decaauts)
 A = Elapsed time spent in this place.
 B = Non-inter-level travel time spent in this place.
 C = Inter-level travel time spent in this place.
 D = Time resting spent in this place.
 E = Time spent auto-exploring this place.
 F = Levels seen in this place.
 G = Mean time per level.
                   A        B        C        D        E       F      G
               +--------+--------+--------+--------+--------+-----+--------+
         Total |   2830 |   2762 |     68 |      0 |   2340 |   4 |  707.5 |
       Dungeon |   2830 |   2762 |     68 |      0 |   2340 |   4 |  707.5 |
               +--------+--------+--------+--------+--------+-----+--------+

Top non-repeatable levels by time:
     D:2: 987 daAuts
     D:1: 981 daAuts
     D:3: 612 daAuts
     D:4: 249 daAuts
